 Dungeon Crawl Stone Soup version 0.29-a0-459-g97dee8cd24 (webtiles) character file.

Game seed: 12280477796640265224

497 siradein the Covert (level 6, -5/48 HPs)
             Began as a Vampire Brigand on May 20, 2022.
             Killed from afar by a white imp (7 damage)
             ... with a puff of frost
             ... summoned by Eustachio
             ... on level 4 of the Dungeon.
             The game lasted 00:05:50 (3328 turns).

siradein the Covert (Vampire Brigand)               Turns: 3328, Time: 00:05:52

Health: -5/48      AC:  4    Str: 10    XL:     6   Next: 93%
Magic:  6/6        EV: 11    Int: 15    God:
Gold:   163        SH:  7    Dex: 22    Spells: 3/5 levels left

rFire   . . .      SeeInvis +   a - +2 dagger
rCold   . . .      Faith    .   y - +3 buckler of the Original Sin {rPois}
rNeg    . . .      Spirit   .   b - +0 robe
rPois   +          Reflect  .   j - +0 helmet
rElec   .          Harm     .   c - +0 cloak
rCorr   .          Rampage  .   (no gloves)
Will    .....                   (no boots)
Stlth   ++++......              (no amulet)
HPRegen 0.36/turn               l - ring of wizardry
MPRegen 0.10/turn               m - +6 ring of dexterity

@: healing quickly
A: alive, fangs 3, see invisible, vampiric 2
a: Exsanguinate


You were on level 4 of the Dungeon.
You visited 1 branch of the dungeon, and saw 4 of its levels.

You collected 163 gold pieces.

Inventory:

Hand Weapons
 a - a +2 dagger (weapon)
Missiles
 d - 6 poisoned darts (quivered)
 e - 3 curare-tipped darts
 t - 4 javelins
Armour
 b - a +0 robe (worn)
 c - a +0 cloak (worn)
 j - a +0 helmet (worn)
 y - the +3 buckler of the Original Sin (worn) {rPois}
   (You found it on level 3 of the Dungeon)

   rPois:     It protects you from poison.
Jewellery
 l - a ring of wizardry (left hand)
 m - a +6 ring of dexterity (right hand)
 q - a ring of wizardry
 s - an amulet of faith
 B - a +4 ring of evasion
Scrolls
 h - 2 scrolls of teleportation
 i - 2 scrolls of immolation {unknown}
 n - a scroll of noise {unknown}
 p - 2 scrolls of enchant weapon {unknown}
 r - a scroll of fog {unknown}
 v - a scroll of blinking {unknown}
 x - a scroll of poison {unknown}
 A - a scroll of identify
Potions
 f - a potion of resistance {unknown}
 g - a potion of cancellation
 k - 5 potions of curing
 o - 2 potions of lignification
 u - a potion of attraction
 w - a potion of mutation {unknown}
 z - a potion of degeneration {unknown}
 C - a potion of heal wounds {unknown}


   Skills:
 + Level 4.1 Fighting
 + Level 5.0 Short Blades
 - Level 1.5 Throwing
 - Level 1.1 Dodging
 + Level 8.8 Stealth


You had 3 spell levels left.
You knew the following spells:

 Your Spells              Type           Power      Damage    Failure   Level
a - Blink                 Tloc           0%         N/A       22%         2

Your spell library contained the following spells:

 Spells                   Type           Power      Damage    Failure   Level
 Gell's Gravitas          Tloc           0%         N/A       38%         3
 Lesser Beckoning         Tloc           0%         N/A       38%         3
 Teleport Other           Tloc           0%         N/A       38%         3
 Manifold Assault         Tloc           0%         N/A       98%         5
 Malign Gateway           Summ/Tloc      0%         N/A       100%        7
 Storm Form               Tmut/Air       0%         N/A       100%        7
 Summon Horrible Things   Summ           0%         N/A       100%        8


Dungeon Overview and Level Annotations

Branches:
Dungeon (4/15)
 Temple: D:4-7

Altars:
Cheibriados
Elyvilon

Annotations:
D:4 3 runed translucent doors, Eustachio; IdlyInterested's ghost, amateur DsWn


Innate Abilities, Weirdness & Mutations

Your natural rate of healing is accelerated.
You have razor-sharp teeth.
You have supernaturally acute eyesight. (SInv)
You are afflicted with vampirism and can become a bat while bloodless.


Message History

Eustachio hits you with a +2 rapier of speed.
You block the white imp's attack.
Eustachio gestures wildly while chanting.
Eustachio blinks!
You hit the white imp.
The white imp is lightly wounded.
The white imp hits you. The white imp freezes you.
You are too injured to fight recklessly!
Eustachio gestures wildly while chanting.
The white imp attacks as you move away! The white imp barely misses you.
You hit Eustachio. You bite Eustachio.
Eustachio is heavily wounded.
Eustachio hits you with a +2 rapier of speed!
You block Eustachio's attack.
You hit Eustachio. Your bite misses Eustachio.
Eustachio is severely wounded.
The white imp gestures at you. The puff of frost hits you!
* * * LOW HITPOINT WARNING * * *
The shadow imp hits you but does no damage.
Eustachio hits you with a +2 rapier of speed.
* * * LOW HITPOINT WARNING * * *
Unknown command.
You barely miss Eustachio.
Eustachio is severely wounded.
The shadow imp hits you.
* * * LOW HITPOINT WARNING * * *
The white imp closely misses you.
Eustachio mumbles some strange words.
Eustachio blinks!
Unknown command.
Unknown command.
The white imp attacks as you move away! The white imp hits you.
* * * LOW HITPOINT WARNING * * *
The white imp freezes you.
* * * LOW HITPOINT WARNING * * *
The white imp picks up a beetle and eats it.
The white imp gestures at you. The puff of frost hits you!
You die...

###......######.##
#...........###.#
..............#.#
................###
............@.....##
...................#
..................##
..................#
...............5@.#
.................##
...............5.#
................##
................#####
....................#############
..........(((............[......#
##......((.....................##
#......(....#..################


You could see Eustachio (very poisoned), a white imp (summoned) and a shadow imp
(summoned).

Vanquished Creatures
  Pargi (D:4)
  A phantom (D:4)
  A necrophage (D:4)
  A scorpion (D:4)
  A howler monkey (D:4)
  An iguana (D:3)
  8 adders
  A dart slug (D:4)
  An orc (D:4)
  6 endoplasms
  6 giant cockroaches
  10 hobgoblins
  A kobold (D:4)
  3 quokkas
  5 ball pythons
  5 bats
  A frilled lizard (D:3)
  3 goblins
  5 rats
61 creatures vanquished.

Vanquished Creatures (others)
  A butterfly (D:4)
1 creature vanquished.

Grand Total: 62 creatures vanquished

Notes
Turn   | Place    | Note
-------+----------+-------------------------------------------
     0 | D:1      | siradein the Vampire Brigand began the quest for the Orb.
     0 | D:1      | Reached XP level 1. HP: 16/16 MP: 1/1
   249 | D:1      | Reached skill level 6 in Stealth
   332 | D:1      | Reached XP level 2. HP: 22/22 MP: 2/2
   701 | D:2      | Gained mutation: You are afflicted with vampirism and can
                  | become a bat while bloodless. [Vampire growth]
   701 | D:2      | Reached XP level 3. HP: 28/28 MP: 3/3
  1339 | D:3      | Learned a level 2 spell: Blink
  1515 | D:3      | Reached skill level 7 in Stealth
  1515 | D:3      | Reached XP level 4. HP: 34/34 MP: 4/4
  1616 | D:3      | Found a snail-covered altar of Cheibriados.
  1978 | D:3      | Identified the +3 buckler of the Original Sin {rPois}
  2240 | D:4      | Noticed IdlyInterested's ghost (amateur DsWn)
  2257 | D:4      | Reached XP level 5. HP: 39/41 MP: 5/5
  2262 | D:4      | Noticed Eustachio
  2383 | D:4      | Noticed a phantom
  2420 | D:4      | Killed a phantom
  2421 | D:4      | Reached skill level 8 in Stealth
  2640 | D:4      | Reached XP level 6. HP: 48/48 MP: 6/6
  2723 | D:4      | Found a runed translucent gate.
  2723 | D:4      | Found a runed translucent gate.
  2752 | D:4      | Noticed Pargi
  2827 | D:4      | Killed Pargi
  3070 | D:4      | Reached skill level 5 in Short Blades
  3149 | D:4      | Found a runed translucent gate.
  3328 | D:4      | HP: 1/48 [white imp[Eustachio] (2)]
  3328 | D:4      | Killed from afar by a white imp

Illustrated notes

Levels and vault maps discovered:
D:1:      evilmike_arrival_crescent, layout_basic
D:2:      layout_loops_cross
D:3:      layout_loops_ring, nicolae_overflow_crystal_walls, minivault_5,
          kennysheep_generic_room_14
D:4:      layout_cave_pods, nicolae_elyvilon_peaceful_grove,
          gammafunk_ghost_split, uniq_eustachio, uniq_pargi

Skill      XL: |  1  2  3  4  5  6 |
---------------+-------------------+-----
Stealth        | 6 7 8 |  8.8
Fighting       | 2 3 4 |  4.1
Short Blades   | 3 4 5 |  5.0
Throwing       | |  1.5
Dodging        | |  1.1

Action                   |  1- 3 |  4- 6 || total
-------------------------+-------+-------++-------
Melee: Dagger            |    91 |   131 ||   222
       Bite              |     6 |    13 ||    19
       Punch             |     3 |       ||     3
Throw: Dart              |       |    12 ||    12
  Use: Scroll            |     4 |     1 ||     5
 Stab: Sleeping          |    15 |     9 ||    24
Armor: Robe              |    17 |    20 ||    37
Dodge: Dodged            |    38 |    53 ||    91
Block: Buckler           |       |    28 ||    28

Table legend: (Time is in decaauts)
 A = Elapsed time spent in this place.
 B = Non-inter-level travel time spent in this place.
 C = Inter-level travel time spent in this place.
 D = Time resting spent in this place.
 E = Time spent auto-exploring this place.
 F = Levels seen in this place.
 G = Mean time per level.
                   A        B        C        D        E       F      G
               +--------+--------+--------+--------+--------+-----+--------+
         Total |   3295 |   3206 |     89 |    113 |   2389 |   4 |  823.8 |
       Dungeon |   3295 |   3206 |     89 |    113 |   2389 |   4 |  823.8 |
               +--------+--------+--------+--------+--------+-----+--------+

Top non-repeatable levels by time:
     D:4: 1106 daAuts
     D:3: 919 daAuts
     D:2: 705 daAuts
     D:1: 564 daAuts
